 Dungeon Sprint DCSS version 0.27-a0-1513-g2aaa0cc67b (webtiles) character file.

Game seed: 2477499383968985556

465 mhtbhm the Fighter (level 6, -6/66 HPs)
             Began as a Minotaur Fighter on July 10, 2021.
             Was a Follower of Okawaru.
             Mangled by a guardian mummy (20 damage)
             ... in the Dungeon (Sprint VII: "The Pits").
             The game lasted 00:01:13 (535 turns).

mhtbhm the Fighter (Minotaur Fighter)                Turns: 535, Time: 00:01:15

Health: -6/66      AC: 14    Str: 23    XL:     6   Next: 80%
Magic:  5/5        EV:  8    Int:  5    God:    Okawaru [*.....]
Gold:   0          SH: 11    Dex:  9    Spells: 5/5 levels left

rFire    . . .     SeeInvis .   a - +1 hand axe (freeze)
rCold    . . .     Faith    .   c - +0 kite shield
rNeg     . . .     Spirit   .   b - +3 chain mail
rPois    .         Reflect  .   (helmet restricted)
rElec    .         Harm     .   (no cloak)
rCorr    .         Rampage  .   (no gloves)
Will     .....     NoTele   +   (no boots)
Stlth    ..........             (no amulet)
HPRegen  0.21/turn              (no ring)
MPRegen  0.09/turn              (no ring)

@: no status effects
A: horns 2, retaliatory headbutt
a: Renounce Religion, Heroism


You were in the Dungeon.
You worshipped Okawaru.
Okawaru was aware of your devotion.
You visited 1 branch

Inventory:

Hand Weapons
 a - a +1 hand axe of freezing (weapon)
Armour
 b - a +3 chain mail (worn)
 c - a +0 kite shield (worn)
Scrolls
 j - a scroll of blinking
 l - 5 scrolls of amnesia
 m - a scroll of summoning
Potions
 d - a potion of might
 e - 6 potions of curing
 f - 4 potions of heal wounds
 g - a potion of haste
 h - 4 potions of magic
 i - 3 potions of berserk rage
 k - 2 potions of invisibility


   Skills:
 + Level 9.9 Fighting
 + Level 7.8 Axes
 + Level 9.6 Armour
 + Level 2.7 Dodging
 + Level 9.4 Shields


You had 5 spell levels left.
You didn't know any spells.
Your spell library was empty.

Dungeon Overview and Level Annotations

Branches:
Dungeon (1/1)

Altars:
Ashenzari
Cheibriados
Dithmenos
Elyvilon
Fedhas
Gozag
Hepliaklqana
Kikubaaqudgha
Makhleb
Nemelex Xobeh
Okawaru
Qazlal
Ru
Sif Muna
Trog
Uskayaw
Vehumet
Wu Jian
Xom
Yredelemnul
Zin
The Shining One
Beogh
Jiyva
Lugonu


Innate Abilities, Weirdness & Mutations

You have a pair of horns on your head.
You reflexively headbutt those who attack you in melee.


Message History

You hit the hellwing but do no damage. You block the hellwing's attack.
The hellwing hits you.
The guardian mummy completely misses you.
You furiously retaliate!
You headbutt the guardian mummy. You completely miss the guardian mummy.
The guardian mummy is heavily damaged.
You hit the hellwing but do no damage. The hellwing barely misses you.
The hellwing hits you! The guardian mummy hits you!
* * * LOW HITPOINT WARNING * * *
Unknown command.
You slash the guardian mummy! You freeze the guardian mummy.
The guardian mummy is severely damaged.
You hit the hellwing but do no damage. The hellwing hits you.
* * * LOW HITPOINT WARNING * * *
The hellwing hits you but does no damage.
Unknown command.
Unknown command.
You feel much better.
The guardian mummy hits you but does no damage.
The hellwing hits you but does no damage.
The hellwing hits you.
You hit the guardian mummy. You freeze the guardian mummy.
The guardian mummy is severely damaged.
You hit the hellwing but do no damage.
The guardian mummy hits you but does no damage.
You block the hellwing's attack. The hellwing hits you.
You hit the guardian mummy but do no damage.
The guardian mummy is severely damaged.
You hit the hellwing but do no damage. The hellwing hits you!
The hellwing barely misses you.
The guardian mummy hits you but does no damage.
Unknown command.
Unknown command.
You hit the guardian mummy.
The guardian mummy is almost destroyed.
You hit the hellwing but do no damage. The hellwing hits you.
* * * LOW HITPOINT WARNING * * *
The hellwing hits you but does no damage.
The guardian mummy hits you!!
You die...

#.##'#).#'###...<...#
#.#..).....##.......#
#.#........##.......#
#'###########.......#
#..#.#.##..##########
#.))....#)######
##.#.#.##)#....#
#.......#4#....#
##.#.#.##)@M...+
#.......#'#....#
##.#.#..†.#....#
###############


You could see a hellwing and a guardian mummy.

Vanquished Creatures
  2 floating eyes (D)
  A bullfrog (D)
  A scorpion (D)
  An orc priest (D)
  A gnoll shaman (D)
  An orc wizard (D)
  3 gnolls (D)
  An adder (D)
  A white imp (D)
  A worm (D)
  2 orcs (D)
  2 ball pythons (D)
  An endoplasm (D)
  A giant cockroach (D)
  A goblin (D)
  A kobold (D)
  A bat (D)
  A frilled lizard (D)
  2 rats (D)
25 creatures vanquished.

Notes
Turn   | Place    | Note
-------+----------+-------------------------------------------
     0 | D        | mhtbhm the Minotaur Fighter began the quest for the Orb.
     0 | D        | Reached XP level 1. HP: 19/19 MP: 0/0
    20 | D        | Found a bloodstained altar of Trog.
    20 | D        | Found a shimmering blue altar of Sif Muna.
    20 | D        | Found a viscous altar of Jiyva.
    20 | D        | Found a hazy altar of Hepliaklqana.
    20 | D        | Found an opulent altar of Gozag.
    21 | D        | Found a glowing golden altar of the Shining One.
    21 | D        | Found a glowing silver altar of Zin.
    21 | D        | Found a basalt altar of Yredelemnul.
    21 | D        | Found a shimmering altar of Xom.
    21 | D        | Found an ornate altar of the Wu Jian Council.
    21 | D        | Found a sacrificial altar of Ru.
    21 | D        | Found a stormy altar of Qazlal.
    21 | D        | Found an iron altar of Okawaru.
    21 | D        | Found a sparkling altar of Nemelex Xobeh.
    21 | D        | Found a burning altar of Makhleb.
    21 | D        | Found a blossoming altar of Fedhas.
    21 | D        | Found a white marble altar of Elyvilon.
    21 | D        | Found a shadowy altar of Dithmenos.
    21 | D        | Found a snail-covered altar of Cheibriados.
    24 | D        | Found a corrupted altar of Lugonu.
    24 | D        | Found a radiant altar of Vehumet.
    25 | D        | Found an ancient bone altar of Kikubaaqudgha.
    25 | D        | Found a hide-covered altar of Uskayaw.
    25 | D        | Found a broken altar of Ashenzari.
    39 | D        | Became a worshipper of Warmaster Okawaru
    80 | D        | Noticed a floating eye
    81 | D        | Paralysed by a floating eye for 4 turns
    87 | D        | Paralysed by a floating eye for 3 turns
    94 | D        | Killed a floating eye
    95 | D        | Reached XP level 2. HP: 29/31 MP: 1/1
    95 | D        | Reached XP level 3. HP: 35/38 MP: 2/2
    95 | D        | Reached XP level 4. HP: 42/45 MP: 3/3
   114 | D        | Noticed a floating eye
   115 | D        | Killed a floating eye
   115 | D        | Reached * piety under Okawaru
   116 | D        | Reached skill level 5 in Axes
   116 | D        | Reached XP level 5. HP: 56/56 MP: 4/4
   211 | D        | Reached skill level 1 in Dodging
   211 | D        | Reached XP level 6. HP: 56/63 MP: 5/5
   522 | D        | Noticed a guardian mummy
   522 | D        | Noticed a hellwing
   535 | D        | Mangled by a guardian mummy

Illustrated notes

Levels and vault maps discovered:
D:        pitsprint [storerooms_1, entrance_room_1, metal_vault_2, armoury_2,
          mini_pit_1, grid_room_1, main_hall_1, silver_pit, the_coven_1,
          the_vestibule_1, steel_vault_3, golden_pit, hallway_of_sentries,
          crystal_vault_2, iron_vault_2, final_vault]

Skill      XL: |  1  2  3  4  5  6 |
---------------+-------------------+-----
Fighting       | 6 8 9 |  9.9
Axes           | 4 5 6 7 |  7.8
Armour         | 6 8 9 |  9.6
Shields        | 6 8 9 |  9.4
Dodging        | 1 2 |  2.7

Action                   |  1- 3 |  4- 6 || total
-------------------------+-------+-------++-------
Melee: Hand axe          |     6 |    58 ||    64
       War axe           |     1 |       ||     1
       Headbutt          |       |     8 ||     8
  Use: Potion            |       |     2 ||     2
Armor: Scale mail        |     4 |     5 ||     9
       Chain mail        |       |    28 ||    28
Dodge: Dodged            |       |    11 ||    11
Block: Kite shield       |       |    31 ||    31

Table legend: (Time is in decaauts)
 A = Elapsed time spent in this place.
 B = Non-inter-level travel time spent in this place.
 C = Inter-level travel time spent in this place.
 D = Time resting spent in this place.
 E = Time spent auto-exploring this place.
 F = Levels seen in this place.
 G = Mean time per level.
                   A        B        C        D        E       F      G
               +--------+--------+--------+--------+--------+-----+--------+
         Total |    542 |    542 |      0 |    273 |     30 |   1 |  542.0 |
       Dungeon |    542 |    542 |      0 |    273 |     30 |   1 |  542.0 |
               +--------+--------+--------+--------+--------+-----+--------+

Top non-repeatable levels by time:
       D: 542 daAuts
